cohdb
Replays
Latest Replays
All Replays
Popular Replays
Top Player Replays
Match Explorer
How It Works
Community
CoH3 Stats
Reddit
Sign in to upload your games and track your stats! →
Sign in with Steam
Match 43431328
Unlisted
Match 43431328
Overview
Messages
Build Orders
End
Engineer Squad
Construct Barracks
Riflemen Squad
Riflemen Squad
Construct Weapon Support Center
Selects Advanced Infantry Battlegroup
Selects Advanced Infantry Battlegroup
M1919 Machine Gun Team
Selects Artillery Observers
Infantry Support Center
Riflemen Squad
M1918 Browning Automatic Rifles
Bazooka Squad
Improved M9 Bazooka Rockets
Grenade Package
Demolitions Package
Construct Medical Station
Selects Convert to Ranger Squad
Selects Designate Assault Position
Bazooka Squad
Selects M2A1 105mm Howitzer Emplacement
Construct Tank Depot
Selects Free Fire Drills
Engineer Squad
Selects Infantry Assault
M4A1 Sherman Medium Tank
Engineer Squad
Hansizzle
Brother
0
0
Comments
sign in to comment!
No comments posted yet!